 Dungeon Crawl Stone Soup version 0.18.1-5-g4a78601 (webtiles) character file.

418 Gingerlord the Skirmisher (level 6, 0/52 HPs)
             Began as a Mummy Wanderer on May 11, 2016.
             Was an Initiate of Gozag.
             Slain by a phantom (8 damage)
             ... on level 4 of the Dungeon.
             The game lasted 00:08:27 (5273 turns).

Gingerlord the Skirmisher (Mummy Wanderer)          Turns: 5273, Time: 00:08:28

Health: 0/52       AC:  5    Str: 16    XL:     6   Next: 61%
Magic:  6/6        EV: 11    Int: 11    God:    Gozag
Gold:   219        SH:  0    Dex: 13    Spells: 0 memorised, 5 levels left

rFire  x . .     SeeInvis .     c - +0 hand axe
rCold  + . .     Gourm    .     h - +0 ring mail
rNeg   + + +     Faith    .     (no shield)
rPois  ∞         Spirit   .     (no helmet)
rElec  .         Dismiss  .     (no cloak)
rCorr  .         Reflect  .     (no gloves)
SustAt .         Harm     .     (no boots)
MR     .....                    (no amulet)
Stlth  +.........               (no ring)
                                j - ring of flight

@: not resistant to hostile enchantments, very unstealthy
A: no food or potions, fire vulnerability, cold resistance 1, negative energy
resistance 3, torment resistance, unbreathing
a: Potion Petition, Call Merchant, Bribe Branch, Renounce Religion, Evoke Flight


You were on level 4 of the Dungeon.
You worshipped Gozag.
Gozag was noncommittal.
You were not hungry.

You visited 2 branches of the dungeon, and saw 5 of its levels.

You collected 307 gold pieces.
You paid 88 gold pieces to Gozag.

Inventory:

Hand Weapons
 c - a +0 hand axe (weapon)
Missiles
 k - 16 bolts
Armour
 h - a +0 ring mail (worn)
Jewellery
 j - a ring of flight (left hand)
Wands
 l - a wand of paralysis (16/24)
Scrolls
 a - 2 scrolls of magic mapping {unknown}
 b - 2 scrolls of identify {unknown}
 d - 5 scrolls of teleportation
 e - 7 scrolls of remove curse {unknown}
 f - 3 scrolls of enchant armour {unknown}
 g - a scroll of recharging {unknown}
 i - 2 scrolls of enchant weapon {unknown}
 m - a scroll of noise {unknown}


   Skills:
 + Level 6.1 Fighting
 + Level 2.6 Axes
   Level 1.5 Crossbows
 + Level 2.9 Armour
 + Level 2.4 Dodging
 - Level 1.0 Stealth
   Level 1.0 Shields


You had 5 spell levels left.
You didn't know any spells.

Dungeon Overview and Level Annotations

Branches:
Dungeon (4/15)             Temple (1/1) D:4

Altars:
Ashenzari
Cheibriados
Elyvilon
Fedhas
Gozag
Kikubaaqudgha
Nemelex Xobeh
Okawaru
Pakellas
Qazlal
Vehumet
Xom
Yredelemnul
Zin
The Shining One

Annotations:
D:3 dozzold's ghost, weakling DsBe


Innate Abilities, Weirdness & Mutations

You do not eat or drink.
Your flesh is vulnerable to fire.
You are immune to poison.
Your flesh is cold resistant.
You are immune to negative energy.
You are immune to unholy pain and torment.
You can survive without breathing.


Message History

You closely miss the phantom.
The phantom is almost destroyed.
The phantom hits you but does no damage.
You closely miss the phantom.
The phantom is almost destroyed.
The phantom hits you!
* * * LOW HITPOINT WARNING * * *
You barely miss the phantom.
The phantom is almost destroyed.
The phantom barely misses you.
You closely miss the phantom.
The phantom is almost destroyed.
The phantom hits you.
* * * LOW HITPOINT WARNING * * *
The phantom blinks!
You miss the phantom.
The phantom is almost destroyed.
The phantom hits you!
You die...
Your body crumbles into a pile of gold.

#.##.#.# ####+########.#
#.##.#.# #.............#
###.##.#.# #.............#
#....#...# #.......w.(...#
##.#####.# #.########'####
#.#<.#### #..### #...#
#.##.# #....# #W....#
#.##.#######....##.....w.#
#..........#.@W..#Z......#
##########.##....#.).....#
#.##....##.Z..[##
#.####..###...## #.#####.#
#.......# #########


You could see a phantom.

Vanquished Creatures
  An ogre (D:4)
  A hound (D:4)
  2 centaur skeletons (D:4)
  A giant frog skeleton (D:4)
  Natasha (D:4)
  2 worker ants (D:4)
  A hound skeleton (D:4)
  4 adders
  An ooze (D:3)
  3 adder zombies
  An adder skeleton (D:2)
  2 worms (D:4)
  2 dart slugs
  3 orcs
  2 ball pythons
  A bat skeleton (D:2)
  2 bat zombies (D:2)
  5 giant cockroaches
  7 goblins
  7 hobgoblins
  3 jackals
  2 quokkas
  7 bats
  A giant cockroach zombie (D:2)
  2 giant newts
  2 jackal zombies (D:2)
  7 kobolds
  A quokka skeleton (D:2)
  7 rats
81 creatures vanquished.

Vanquished Creatures (others)
  A worm (D:2)
  A rat (D:2)
  3 plants (D:4)
5 creatures vanquished.

Grand Total: 86 creatures vanquished

Notes
Turn   | Place    | Note
--------------------------------------------------------------
     0 | D:1      | Gingerlord the Mummy Wanderer began the quest for the Orb.
     0 | D:1      | Gingerlord set off with: a +2 hand crossbow, 26 bolts, a +0 hand axe, a scroll of teleportation, a +0 robe
     0 | D:1      | Reached XP level 1. HP: 21/21 MP: 1/1
   219 | D:1      | Reached XP level 2. HP: 8/27 MP: 2/2
   769 | D:1      | Reached skill level 1 in Axes
  1583 | D:2      | Reached XP level 3. HP: 29/33 MP: 3/3
  1828 | D:2      | Found a white marble altar of Elyvilon.
  2074 | D:2      | Reached skill level 1 in Dodging
  2135 | D:2      | Reached XP level 4. HP: 4/39 MP: 4/4
  2875 | D:3      | Noticed dozzold's ghost (weakling DsBe)
  3265 | D:3      | Found a sparkling altar of Nemelex Xobeh.
  4192 | D:4      | Reached XP level 5. HP: 39/46 MP: 5/5
  4217 | D:4      | Noticed an ogre
  4257 | D:4      | Killed an ogre
  4273 | D:4      | Found a staircase to the Ecumenical Temple.
  4358 | Temple   | Entered the Ecumenical Temple
  4394 | Temple   | Became a worshipper of Gozag Ym Sagoz the Greedy
  4501 | D:4      | Noticed Natasha
  4515 | D:4      | Killed Natasha
  4515 | D:4      | Reached XP level 6. HP: 26/52 MP: 6/6
  4764 | D:4      | Reached skill level 6 in Fighting
  5273 | D:4      | Slain by a phantom

Skill      XL: |  1  2  3  4  5  6 |
---------------+-------------------+-----
Axes           | 1 2 |  2.6
Dodging        | 1 2 |  2.4
Armour         | 2 |  2.9
Fighting       | 6 |  6.1
Crossbows      | |  1.5
Stealth        | |  1.0
Shields        | |  1.0

Action                   |  1- 3 |  4- 6 || total
-------------------------+-------+-------++-------
Melee: Hand axe          |   195 |   243 ||   438
 Stab: Sleeping          |     2 |       ||     2
Armor: Robe              |    21 |       ||    21
       Ring mail         |    62 |    95 ||   157
Dodge: Dodged            |   136 |   169 ||   305
